 Dungeon Crawl Stone Soup version 0.18.1-8-gdd0e5ea (webtiles) character file.

73 smeego the Skirmisher (level 4, -4/37 HPs)
             Began as a Demonspawn Wanderer on May 26, 2016.
             Slain by a gnoll
             ... wielding a +0 spear
              (7 damage)
             ... on level 2 of the Dungeon.
             The game lasted 00:02:34 (2254 turns).

smeego the Skirmisher (Demonspawn Wanderer)         Turns: 2254, Time: 00:02:35

Health: -4/37      AC:  3    Str: 14    XL:     4   Next: 8%
Magic:  8/8        EV: 11    Int: 15    God:
Gold:   93         SH:  0    Dex: 10    Spells: 0 memorised, 9 levels left

rFire  . . .     SeeInvis .     q - +0 war axe
rCold  . . .     Gourm    .     e - +0 robe
rNeg   . . .     Faith    .     (no shield)
rPois  .         Spirit   .     (no helmet)
rElec  .         Dismiss  .     (no cloak)
rCorr  .         Reflect  .     g - +0 pair of gloves
SustAt .         Harm     .     (no boots)
MR     .....                    (no amulet)
Stlth  +.........               (no ring)
                                (no ring)

@: not resistant to hostile enchantments, very unstealthy
A: hooves 1
a: no special abilities


You were on level 2 of the Dungeon.
You were very hungry.

You visited 1 branch of the dungeon, and saw 2 of its levels.

You collected 93 gold pieces.

Inventory:

Hand Weapons
 a - a +2 hand axe
 b - a +0 shortbow
 q - a +0 war axe (weapon)
Missiles
 c - 41 arrows
Armour
 e - a +0 robe (worn)
 g - a +0 pair of gloves (worn)
Scrolls
 h - a scroll of random uselessness {unknown}
 i - 4 scrolls of identify {unknown}
 k - a scroll of noise {unknown}
 m - 3 scrolls of blinking {unknown}
 n - a scroll of magic mapping {unknown}
Books
 d - the Reference Book on the Rocks

   Spells                             Type                      Level
   a - Sandblast                      Earth                        1
   b - Stone Arrow                    Conjuration/Earth            3
Comestibles
 f - 2 bread rations
 p - a beef jerky
 r - 4 fruits


   Skills:
 * Level 4.0 Fighting
 - Level 1.7 Axes
   Level 1.7 Shields
 - Level 3.0 Spellcasting
   Level 1.0 Conjurations
   Level 1.0 Ice Magic


You had 9 spell levels left.
You didn't know any spells.

Dungeon Overview and Level Annotations

Branches:
Dungeon (2/15)

Altars:
Qazlal
Yredelemnul


Innate Abilities, Weirdness & Mutations

You have large cloven feet.


Message History

You hit the gnoll. You kick the gnoll, but do no damage.
The gnoll is heavily wounded.
The gnoll closely misses you.
The gnoll hits you from afar with a spear!
The gnoll closely misses you.
You closely miss the gnoll.
The gnoll is heavily wounded.
The gnoll hits you from afar with a spear!
* * * LOW HITPOINT WARNING * * *
The gnoll hits you but does no damage.
You closely miss the gnoll.
The gnoll is heavily wounded.
The gnoll hits you but does no damage. The gnoll hits you with a club!
* * * LOW HITPOINT WARNING * * *
The gnoll barely misses you.
You closely miss the gnoll.
The gnoll is heavily wounded.
The gnoll closely misses you.
The gnoll hits you from afar with a spear!
You die...

### ###############
...#.............#
#.#.###########.#
#...#...# #.#
#.###@#.#.#######.#
#...g)#.#.#.......####
#####g#.#...######....
#....#.#......###.##.
#....#.....<.........
#....#......#........
#....#..###.####.....
#....#...............
#....#......#####.###


You could see 2 gnolls.

Vanquished Creatures
  A gnoll (D:2)
  An adder (D:2)
  4 worms (D:2)
  A dart slug (D:2)
  A giant gecko (D:2)
  A ball python (D:2)
  3 giant cockroaches (D:2)
  5 goblins
  5 hobgoblins
  A jackal (D:2)
  10 bats
  A giant newt (D:1)
  2 gnoll zombies (D:2)
  2 rats
38 creatures vanquished.

Notes
Turn   | Place    | Note
--------------------------------------------------------------
     0 | D:1      | smeego the Demonspawn Wanderer began the quest for the Orb.
     0 | D:1      | smeego set off with: a +2 hand axe, a +0 shortbow, 23 arrows, the Reference Book on the Rocks, a +0 robe, a bread ration
     0 | D:1      | Reached XP level 1. HP: 15/15 MP: 4/4
   121 | D:1      | Reached skill level 2 in Fighting
   126 | D:1      | Gained mutation: You have large cloven feet. [demonic ancestry]
   126 | D:1      | Reached XP level 2. HP: 22/22 MP: 6/6
  1216 | D:2      | Found a basalt altar of Yredelemnul.
  1281 | D:2      | Reached skill level 3 in Fighting
  1359 | D:2      | Reached XP level 3. HP: 23/29 MP: 7/7
  1377 | D:2      | Identified the Reference Book on the Rocks
  1385 | D:2      | Found a stormy altar of Qazlal.
  1599 | D:2      | HP: 2/43 [worm (4)]
  2250 | D:2      | Reached skill level 4 in Fighting
  2250 | D:2      | Reached XP level 4. HP: 33/37 MP: 8/8
  2254 | D:2      | Slain by a gnoll

Skill      XL: |  1  2  3 |
---------------+----------+-----
Fighting       | 2 3 4 |  4.0
Axes           | |  1.7
Shields        | |  1.7
Spellcasting   | |  3.0
Conjurations   | |  1.0
Ice Magic      | |  1.0

Action                   |  1- 3 |  4- 6 || total
-------------------------+-------+-------++-------
Melee: Hand axe          |    84 |       ||    84
       Kick              |    17 |     1 ||    18
       War axe           |    30 |     4 ||    34
  Use: Potion            |     3 |       ||     3
  Eat: Chunk             |     3 |       ||     3
Armor: Robe              |    27 |     1 ||    28
       Skin              |     2 |       ||     2
Dodge: Dodged            |    80 |     5 ||    85
